 Dungeon Crawl Stone Soup version 0.26-a0-662-g8b9c6dab81 (webtiles) character file.

Game seed: 11755586405286749922

3241 oldriver the Basher (level 9, -2/56 HPs)
             Began as a Gargoyle Fighter on Oct 9, 2020.
             Was an Elder of Okawaru.
             Slain by a two-headed ogre
             ... wielding a +0 giant club
              (8 damage)
             ... on level 8 of the Dungeon.
             The game lasted 00:08:06 (7653 turns).

oldriver the Basher (Gargoyle Fighter)              Turns: 7653, Time: 00:08:06

Health: -2/56      AC: 22    Str: 20    XL:     9   Next: 99%
Magic:  18/18      EV:  7    Int: 11    God:    Okawaru [****..]
Gold:   438        SH:  0    Dex: 14    Spells: 8/8 levels left

rFire    . . .     SeeInvis .   a - +0 flail
rCold    . . .     Faith    .   c - +0 kite shield
rNeg     + . .     Spirit   .   F - +0 chain mail
rPois    ∞         Reflect  +   o - +0 helmet
rElec    +         Harm     .   b - +0 cloak
rCorr    .         Rampage  .   (no gloves)
MR       .....                  l - +1 pair of boots
Stlth    ..........             m - amulet of reflection
HPRegen  0.18/turn              p - ring of magical power
MPRegen  0.16/turn              (no ring)

@: confused
A: thin skeletal structure 1, yellow scales 1, clever 1, negative energy
resistance 1, electricity resistance, unbreathing, petrification resistance, rot
immunity, AC +6
a: Heroism, Renounce Religion


You were on level 8 of the Dungeon.
You worshipped Okawaru.
Okawaru was greatly pleased with you.
You visited 1 branch of the dungeon, and saw 8 of its levels.

You collected 438 gold pieces.

Inventory:

Hand Weapons
 a - a +0 flail (weapon)
Armour
 b - a +0 cloak (worn)
 c - a +0 kite shield (worn)
 l - a +1 pair of boots (worn)
 o - a +0 helmet (worn)
 F - a +0 chain mail (worn)
Jewellery
 m - an amulet of reflection (around neck)
 p - a ring of magical power (left hand)
 v - an uncursed ring of ice
 C - an uncursed ring of ice
Wands
 d - a wand of digging (6)
 y - a wand of paralysis (8)
Scrolls
 e - 6 scrolls of remove curse
 h - 2 scrolls of teleportation
 i - 3 scrolls of amnesia {unknown}
 j - a scroll of noise {unknown}
 q - 13 scrolls of identify {unknown}
 s - 2 scrolls of enchant weapon {unknown}
 u - a scroll of enchant armour
 w - a scroll of immolation {unknown}
 x - a scroll of fog {unknown}
 A - a scroll of magic mapping {unknown}
 D - a scroll of silence {unknown}
Potions
 f - a potion of brilliance {unknown}
 g - 2 potions of flight {unknown}
 k - a potion of heal wounds {unknown}
 n - a potion of degeneration {unknown}
 r - a potion of haste {unknown}
 t - a potion of cancellation {unknown}
 B - a potion of invisibility
 E - 3 potions of curing {unknown}


   Skills:
 * Level 6.7 Fighting
 * Level 10.0 Maces & Flails
 + Level 4.9 Armour
 + Level 2.8 Dodging
 + Level 2.1 Stealth
 + Level 7.1 Shields


You had 8 spell levels left.
You didn't know any spells.
Your spell library was empty.

Dungeon Overview and Level Annotations

Branches:
Dungeon (8/15)             Temple (0/1) D:6
   Lair: D:8-11

Altars:
Ashenzari
Kikubaaqudgha
Okawaru
Qazlal
Trog
The Shining One

Shops:
D:8 *

Annotations:
D:6 1 runed translucent door, Crazy Yiuf


Innate Abilities, Weirdness & Mutations

You are resistant to torment.
Your stone body is resilient. (AC +6)
You are immune to poison.
You resist negative energy. (rN+)
You are resistant to electric shocks. (rElec)
You can survive without breathing.
You are immune to petrification.
You are immune to rotting.
You have a somewhat thin skeletal structure. (Dex +2, Stealth)
You are partially covered in yellow scales. (AC +2)
Your mind is acute. (Int +2)


Message History

You are too injured to fight recklessly!
You are too injured to fight recklessly!
You are too injured to fight recklessly!
You are too injured to fight recklessly!
The orc priest invokes the aid of Beogh against you.
Beogh smites you!
* * * LOW HITPOINT WARNING * * *
The orc priest invokes the aid of Beogh against you.
Beogh smites you!
* * * LOW HITPOINT WARNING * * *
The orc priest miscasts a cantrip.
You are confused.
You feel invigorated. The two-headed ogre barely misses you.
The two-headed ogre hits you with a +0 giant spiked club.
* * * LOW HITPOINT WARNING * * *
You bump into the rock wall.
The worker ant bites you but does no damage.
The two-headed ogre hits you but does no damage.
The two-headed ogre hits you with a +0 giant spiked club!
You die...

### #######.. . .........
....######################..
....oo...hO@................
....###...B####......))###.#
. #....# #......).# #.#
#....# #.....)..# #.# ######
#........# #.# ###
#........# #.# ..
#........###.. #.
#..........#.. #.#
#........#.#..


You could see a two-headed ogre, a hound, a worker ant, an orc priest and an orc
wizard.

Vanquished Creatures
  Psyche (D:8)
  A gargoyle (D:7)
  Grinder (D:4)
  Sigmund (D:3)
  A wyvern (D:8)
  Menkaure (D:4)
  A sky beast (D:5)
  An ice beast (D:4)
  2 orc warriors
  2 ogres
  3 centaurs
  A big kobold (D:7)
  2 bullfrogs
  2 scorpions
  3 killer bees (D:8)
  2 howler monkeys (D:7)
  A bullfrog skeleton (D:8)
  A centaur skeleton (D:8)
  4 orc priests
  Jessica (D:2)
  An iguana (D:5)
  5 orc wizards
  Natasha (thrice) (D:4)
  2 worker ants (D:4)
  A worker ant zombie (D:8)
  4 gnolls (D:8)
  A howler monkey skeleton (D:5)
  5 adders
  A shadow imp (D:5)
  2 white imps
  An ufetubus (D:5)
  An ooze (D:2)
  An adder zombie (D:8)
  An adder skeleton (D:4)
  2 dart slugs (D:1)
  4 leopard geckos
  21 orcs
  2 giant cockroaches (D:3)
  8 goblins
  9 hobgoblins
  3 jackals (D:8)
  5 quokkas
  6 bats
  5 frilled lizards
  23 kobolds
  A quokka zombie (D:5)
  8 rats
158 creatures vanquished.

Vanquished Creatures (others)
  A kobold (D:7)
  41 plants (D:7)
42 creatures vanquished.

Grand Total: 200 creatures vanquished

Notes
Turn   | Place    | Note
-------+----------+-------------------------------------------
     0 | D:1      | oldriver the Gargoyle Fighter began the quest for the Orb.
     0 | D:1      | Reached XP level 1. HP: 14/14 MP: 1/1
   208 | D:1      | Reached XP level 2. HP: 19/19 MP: 2/2
   894 | D:2      | Reached XP level 3. HP: 19/24 MP: 3/3
  1244 | D:2      | Noticed Jessica
  1249 | D:2      | Killed Jessica
  1249 | D:2      | Reached skill level 1 in Dodging
  1249 | D:2      | Reached XP level 4. HP: 29/29 MP: 4/4
  1492 | D:2      | Found an iron altar of Okawaru.
  1564 | D:2      | Became a worshipper of Warmaster Okawaru
  1618 | D:3      | Noticed Sigmund
  1640 | D:3      | Killed Sigmund
  1640 | D:3      | Reached * piety under Okawaru
  1640 | D:3      | Reached skill level 4 in Maces & Flails
  1640 | D:3      | Reached XP level 5. HP: 24/34 MP: 5/5
  1640 | D:3      | Reached XP level 6. HP: 27/39 MP: 6/6
  2337 | D:3      | Found a glowing golden altar of the Shining One.
  2338 | D:3      | Found a broken altar of Ashenzari.
  2353 | D:3      | Found a bloodstained altar of Trog.
  2800 | D:4      | Reached skill level 5 in Maces & Flails
  2818 | D:4      | Reached XP level 7. HP: 38/44 MP: 7/7
  2926 | D:4      | Noticed Grinder
  2934 | D:4      | Noticed Natasha
  2936 | D:4      | Paralysed by Grinder for 4 turns
  2942 | D:4      | Paralysed by Grinder for 3 turns
  2946 | D:4      | Killed Natasha
  2956 | D:4      | Killed Grinder
  2956 | D:4      | Reached skill level 6 in Maces & Flails
  2956 | D:4      | Reached skill level 5 in Shields
  3115 | D:4      | Reached skill level 5 in Fighting
  3225 | D:4      | Noticed Natasha
  3234 | D:4      | Killed Natasha
  3234 | D:4      | Reached ** piety under Okawaru
  3263 | D:4      | Noticed Natasha
  3271 | D:4      | Killed Natasha
  3524 | D:4      | Noticed Menkaure
  3534 | D:4      | Killed Menkaure
  3534 | D:4      | Reached XP level 8. HP: 31/49 MP: 8/8
  3696 | D:4      | Reached skill level 7 in Maces & Flails
  3876 | D:5      | Entered Level 5 of the Dungeon
  4355 | D:4      | HP: 2/49 [orc warrior/+0 hand axe (7)]
  4356 | D:4      | Gained mutation: Scrolls take you a little longer to read.
                  | [potion of mutation]
  4356 | D:4      | Gained mutation: You are robust. (+10% HP) [potion of
                  | mutation]
  4356 | D:4      | Lost mutation: You are robust. (+10% HP) [potion of
                  | mutation]
  4356 | D:4      | Gained mutation: You have a pair of small antennae on your
                  | head. [potion of mutation]
  4412 | D:4      | Lost mutation: Scrolls take you a little longer to read.
                  | [potion of mutation]
  4412 | D:4      | Lost mutation: You have a pair of small antennae on your
                  | head. [potion of mutation]
  4412 | D:4      | Gained mutation: You are partially covered in yellow
                  | scales. (AC +2) [potion of mutation]
  4412 | D:4      | Gained mutation: Your mind is acute. (Int +2) [potion of
                  | mutation]
  4412 | D:4      | Gained mutation: You have a somewhat thin skeletal
                  | structure. (Dex +2, Stealth) [potion of mutation]
  4730 | D:5      | Reached skill level 1 in Stealth
  5019 | D:6      | Found a staircase to the Ecumenical Temple.
  5323 | D:6      | Found a runed translucent door.
  5324 | D:6      | Noticed Crazy Yiuf
  5482 | D:6      | Found an ancient bone altar of Kikubaaqudgha.
  5717 | D:7      | Reached skill level 8 in Maces & Flails
  5728 | D:7      | Reached XP level 9. HP: 44/55 MP: 9/9
  5729 | D:7      | Noticed a gargoyle
  5736 | D:7      | Killed a gargoyle
  5736 | D:7      | Reached *** piety under Okawaru
  6748 | D:8      | Reached skill level 9 in Maces & Flails
  7024 | D:8      | Noticed Psyche
  7045 | D:8      | Killed Psyche
  7234 | D:8      | Found Komyp's General Store.
  7365 | D:8      | Found a stormy altar of Qazlal.
  7430 | D:8      | Reached **** piety under Okawaru
  7508 | D:8      | Reached skill level 10 in Maces & Flails
  7640 | D:8      | Noticed a two-headed ogre
  7649 | D:8      | HP: 1/56 [orc priest/divine providence (12)]
  7653 | D:8      | Slain by a two-headed ogre

Illustrated notes

Levels and vault maps discovered:
D:1:      shiori_arrival_oz, layout_loops_ring
D:2:      layout_basic, lemuel_coloured_pillars_altar, uniq_jessica
D:3:      layout_loops_corners, chequers_temple_overflow_statue_of_worship,
          trog_three_pillars_becter, uniq_sigmund
D:4:      layout_gridville, uniq_natasha, uniq_grinder, uniq_menkaure
D:5:      layout_basic
D:6:      layout_loops_ring, temple_fountains, basic_altar,
          uniq_crazy_yiuf_cottage
D:7:      kennysheep_kobold_camp, layout_basic
D:8:      layout_basic, kennysheep_mini_moat, serial_shops, nicolae_shop_stone,
          grunt_qazlal_sundering, uniq_psyche

Skill      XL: |  1  2  3  4  5  6  7  8  9 |
---------------+----------------------------+-----
Fighting       | 4 5 6 |  6.7
Dodging        | 1 2 |  2.8
Maces & Flails | 4 5 6 8 10 | 10.0
Shields        | 4 5 6 7 |  7.1
Armour         | 4 |  4.9
Stealth        | 1 2 |  2.1

Action                   |  1- 3 |  4- 6 |  7- 9 || total
-------------------------+-------+-------+-------++-------
Melee: Flail             |   135 |   126 |   493 ||   754
  Use: Scroll            |     5 |       |       ||     5
       Potion            |       |     1 |     6 ||     7
 Stab: Invisible         |       |       |     5 ||     5
       Distracted        |       |       |     1 ||     1
Armor: Scale mail        |   117 |    72 |   153 ||   342
       Skin              |       |       |     8 ||     8
       Chain mail        |       |       |    31 ||    31
Dodge: Dodged            |    79 |    39 |    90 ||   208
Block: Kite shield       |    97 |   109 |   353 ||   559
       Reflection        |       |     5 |    17 ||    22

Table legend: (Time is in decaauts)
 A = Elapsed time spent in this place.
 B = Non-inter-level travel time spent in this place.
 C = Inter-level travel time spent in this place.
 D = Time resting spent in this place.
 E = Time spent auto-exploring this place.
 F = Levels seen in this place.
 G = Mean time per level.
                   A        B        C        D        E       F      G
               +--------+--------+--------+--------+--------+-----+--------+
         Total |   7774 |   7510 |    264 |   1367 |   4549 |   8 |  971.8 |
       Dungeon |   7774 |   7510 |    264 |   1367 |   4549 |   8 |  971.8 |
               +--------+--------+--------+--------+--------+-----+--------+

Top non-repeatable levels by time:
     D:4: 1373 daAuts
     D:3: 1213 daAuts
     D:8: 1027 daAuts
     D:2: 991 daAuts
     D:7: 923 daAuts
     D:5: 856 daAuts
     D:6: 727 daAuts
     D:1: 662 daAuts
